[Event "Swiss National League-A 2024"]
[Site "Luzern"]
[Date "2024.10.13"]
[Round "9.21"]
[White "Hasenohr, Benedict"]
[Black "Stijve, Theo"]
[Result "0-1"]
[ECO "D35"]
[WhiteElo "2277"]
[BlackElo "2390"]
[Annotator "TA"]
[PlyCount "42"]
[EventDate "2023.10.03"]
[EventType "team-tourn"]
[EventCountry "SUI"]
[SourceTitle "playchess.com"]
[Source "ChessBase"]
[SourceQuality "1"]
[TimeControl "40/8400+30:20/3000+30:900+30"]

1. d4 Nf6 2. c4 e6 3. Nc3 d5 4. cxd5 exd5 5. Bg5 c6 6. e3 Be7 7. Bd3 O-O 8. h3 Ne8 9. Bf4 Nd6 10. Qf3 (10. Qc2 $14) 10... f5 11. Qg3 Be6 12. Nge2 Ne4 13. Qh2 Nd7 14. O-O g5 $132 {[%emt 0:10:08][%mdl 2048] Black is fighting back} 15. Bc7 Qc8 {[%emt 0:00:57] [#]} 16. h4 f4 $1 $17 ({Of course not} 16... gxh4 $6 17. f3 $14) 17. hxg5 Qxc7 18. Nxf4 (18. Nxe4 $17 dxe4 19. Bxe4) 18... Nxg5 $19 19. Qh6 {[%emt 0:14:03] [#]} (19. Bxh7+ {is a better defense.} Nxh7 20. Nxe6 Qxh2+ 21. Kxh2) 19... Bf7 $1 20. Bf5 Rad8 21. Nh3 (21. e4 $142) 21... Qd6 {[%emt 0:01:43] Weighted Error Value: White=0.41/Black=0.09 (flawless) .  Mistake:       	White=5     	---        Inaccurate:     	White=1     	Black=1      OK:         	White=4     	Black=4      Best:        	---       	Black=2      Strong:       	---       	Black=2} 0-1

[Event "Swiss National League-A 2024"]
[Site "Luzern"]
[Date "2024.10.13"]
[Round "9.22"]
[White "Gaehwiler, Gabriel"]
[Black "Ballmann, Martin"]
[Result "1/2-1/2"]
[ECO "E16"]
[WhiteElo "2396"]
[BlackElo "2326"]
[Annotator "TA"]
[PlyCount "61"]
[EventDate "2023.10.03"]
[EventType "team-tourn"]
[EventCountry "SUI"]
[SourceTitle "playchess.com"]
[Source "ChessBase"]
[SourceQuality "1"]
[TimeControl "40/8400+30:20/3000+30:900+30"]

1. d4 e6 2. Nf3 Nf6 3. g3 b6 4. Bg2 Bb7 5. c4 Bb4+ 6. Bd2 Bxd2+ 7. Qxd2 d6 8. Nc3 Nbd7 9. d5 O-O 10. O-O Re8 {[%emt 0:11:27] White is slightly better.} 11. Nd4 {[%emt 0:21:11] dxe6 would now be deadly.} Qc8 12. Rac1 a5 13. b3 Nc5 14. e4 exd5 15. exd5 Qg4 16. Rfe1 Rxe1+ 17. Rxe1 Re8 {[%emt 0:00:46] Repels Re7} 18. Ndb5 Qd7 19. Nd4 Qg4 {[%emt 0:01:32] [#] aiming for ...Rxe1+.} 20. Ndb5 Qd7 $1 21. Rxe8+ Nxe8 22. Nd4 Qg4 23. Qe2 Qxe2 24. Ndxe2 Bc8 25. Nd4 Kf8 26. Kf1 g6 27. Ke2 Ke7 28. Ke3 Kf6 29. Ne4+ Nxe4 30. Bxe4 Bd7 31. Bd3 {[%emt 0:01:43] Weighted Error Value: White=0.18 (very precise) /Black=0.08 (flawless) .  Inaccurate:     	White=4     	Black=2      OK:         	White=5     	Black=5      Best:        	---       	Black=1      Strong:       	---       	Black=1} 1/2-1/2

[Event "Swiss National League-A 2024"]
[Site "Luzern"]
[Date "2024.10.13"]
[Round "9.23"]
[White "Schlegel, Igor"]
[Black "Loetscher, Roland"]
[Result "1-0"]
[ECO "C54"]
[WhiteElo "2242"]
[BlackElo "2379"]
[Annotator "TA"]
[PlyCount "51"]
[EventDate "2023.10.03"]
[EventType "team-tourn"]
[EventCountry "SUI"]
[SourceTitle "playchess.com"]
[Source "ChessBase"]
[SourceQuality "1"]
[TimeControl "40/8400+30:20/3000+30:900+30"]

1. e4 e5 2. Nf3 Nc6 3. Bc4 Nf6 4. d3 Bc5 5. O-O O-O 6. c3 d5 7. exd5 Nxd5 8. Re1 Bg4 9. Nbd2 Nb6 10. h3 Bh5 11. Bb3 {[%emt 0:03:05] The position is equal.} (11. b4 {simplifies} Be7 12. Qe2 Nxc4 13. Nxc4 f6 14. b5) 11... Qxd3 12. Nxe5 Qf5 (12... Qg3 13. Qxh5 Qxf2+ (13... Bxf2+ $2 14. Kh1 $18) 14. Kh2 Qxe1 15. Ndf3 $16 (15. Bxf7+ Rxf7 16. Qxf7+ Kh8 $17)) 13. Nef3 $1 Rfe8 14. g4 Bxg4 $1 15. hxg4 Qxg4+ 16. Kh1 Qh3+ ({Reject} 16... Bxf2 17. Rf1 Qh5+ 18. Nh2 Qxd1 19. Bxd1 $16) (16... Ne5 $1 $11 {keeps the balance.} 17. Nh2 (17. Rxe5 Qh3+ 18. Kg1 Qg3+ 19. Kh1 Qh3+ 20. Kg1 Qg3+ 21. Kh1 Qh3+ $11) (17. Nxe5 Qh3+ 18. Kg1 Rxe5 $11) 17... Qf5) 17. Nh2 $16 {[%emt 0:00:27] Ne4 is the strong threat.} Bxf2 {[%emt 0:00:17] [#]} (17... Ne5 $16 {was necessary.} 18. Ne4 Nd3) 18. Rf1 $1 $36 {[%emt 0:00:43][%mdl 2048] Keeping Black busy.} Qg3 (18... Bg3 $142 19. Bxf7+ Kh8) 19. Qh5 Nd8 (19... Kh8 {was called for.} 20. Qxf7 (20. Bxf7 Re5 $18) (20. Qf3 Qxf3+ 21. Ndxf3 Bg3 $18) 20... Bc5) 20. Ndf3 g6 21. Qh6 {[%emt 0:05:33] Black must now prevent Bf4.} Nd7 (21... Re2 $142 22. Bf4 Be3 23. Qxh7+ (23. Bxe3 $2 Qg2#) (23. Bxg3 Bxh6 24. Bxc7 Rxb2 $18) 23... Kxh7 24. Bxg3 Rc8) 22. Bf4 {[%emt 0:01:48] A strong pair of Bishops.} Be3 23. Ng5 Bxf4 {[%emt 0:01:01] [#]} 24. Bxf7+ $1 {[%emt 0:00:09][%mdl 512] White mates.} Nxf7 25. Qxh7+ Kf8 26. Qxf7# {[%emt 0:00:05] Weighted Error Value: White=0.03 (flawless) /Black=0.77.  Mistake:       	---       	Black=5      OK:         	White=4     	Black=5      Best:        	White=3     	---        Strong:       	White=2     	Black=1} 1-0

[Event "Swiss National League-A 2024"]
[Site "Luzern"]
[Date "2024.10.13"]
[Round "9.24"]
[White "Hakimifard, Ghazal"]
[Black "Georgescu, Lena"]
[Result "1/2-1/2"]
[ECO "C65"]
[WhiteElo "2183"]
[BlackElo "2236"]
[Annotator "RC"]
[PlyCount "100"]
[EventDate "2023.10.03"]
[EventType "team-tourn"]
[EventCountry "SUI"]
[SourceTitle "playchess.com"]
[Source "ChessBase"]
[SourceQuality "1"]
[TimeControl "40/8400+30:20/3000+30:900+30"]

1. e4 e5 2. Nf3 Nc6 3. Bb5 Nf6 4. d3 Bc5 5. c3 d5 6. O-O dxe4 7. Nxe5 O-O 8. Bxc6 bxc6 9. d4 Bd6 10. Bg5 c5 11. Nd2 cxd4 12. cxd4 Re8 13. Re1 Bf5 14. Nec4 Be7 15. Nb3 h6 16. Bh4 Bb4 17. Rf1 Be6 18. Rc1 Bd5 19. Ne5 Bf8 20. Qc2 Qd6 21. Bg3 Qb6 22. Qxc7 Qxc7 23. Rxc7 a5 24. Nc4 a4 25. Nbd2 Rec8 26. Rc1 Rxc7 27. Bxc7 Nd7 28. Nd6 Bxd6 29. Bxd6 Nf6 30. a3 Re8 31. Nf1 Re6 32. Rc8+ Kh7 33. Bc5 Rc6 34. Rxc6 Bxc6 35. Ne3 Nd5 36. Nxd5 Bxd5 37. Kf1 f5 38. h4 g5 39. Be7 Kg6 40. Ke2 f4 41. hxg5 hxg5 42. g3 Kf5 43. gxf4 gxf4 44. Bf8 Ke6 45. Bh6 Bc4+ 46. Kd2 e3+ 47. fxe3 fxe3+ 48. Bxe3 Kd5 49. Kc3 Bb3 50. Kb4 Kc6 1/2-1/2

[Event "Swiss National League-A 2024"]
[Site "Luzern"]
[Date "2024.10.13"]
[Round "9.25"]
[White "Edouard, Romain"]
[Black "Aranovitch, Emiliano"]
[Result "1-0"]
[ECO "B66"]
[WhiteElo "2540"]
[BlackElo "2318"]
[Annotator "TA"]
[PlyCount "49"]
[EventDate "2023.10.03"]
[EventType "team-tourn"]
[EventCountry "SUI"]
[SourceTitle "playchess.com"]
[Source "ChessBase"]
[SourceQuality "1"]
[TimeControl "40/8400+30:20/3000+30:900+30"]

1. e4 c5 2. Nf3 d6 3. d4 cxd4 4. Nxd4 Nf6 5. Nc3 Nc6 6. Bg5 e6 7. Qd2 Be7 8. O-O-O Nxd4 9. Qxd4 O-O 10. f4 a6 11. Kb1 {[%emt 0:00:38] White has more active pieces.} b5 12. Bxf6 Bxf6 13. e5 dxe5 (13... Bh4 $14) 14. Qe4 $16 Qb6 {[%emt 0:05:31] And now ...Bb7 would win.} (14... Bd7 15. Qb7 (15. fxe5 b4 $16)) 15. Qxa8 Bb7 {[%emt 0:00:32] [#]} 16. Rd6 $3 Qxd6 17. Qxb7 {[%emt 0:00:03] Bd3 is the strong threat.} b4 {[%emt 0:00:21] [#]} 18. Ne2 (18. Qxa6 $6 Qxa6 19. Bxa6 bxc3 $14) (18. fxe5 Qxe5 19. Qe4 (19. Qxb4 $2 Qe1+) 19... bxc3 20. Qxe5 Bxe5 $19) 18... Qd1+ 19. Nc1 {[%emt 0:00:04] White is clearly better.} exf4 20. Qe4 (20. Qxa6 $6 Rd8 21. Qe2 Qd4 $11) 20... Rd8 {[%emt 0:02:56] [#] Dodges Bd3} 21. g3 $1 (21. Qxb4 $2 Bd4 22. a3 (22. Bxa6 $2 Qxh1 23. Qd2 g5 $19) 22... g6 $19 (22... Be3 $2 23. Ka2 $19)) (21. Qxf4 $2 Rc8 22. c4 (22. Qxb4 $2 Qxc2+ 23. Ka1 Qxc1#) 22... bxc3 23. bxc3 e5 $19 (23... Bxc3 24. Bxa6 Qxh1 25. Bxc8 $16) (23... Rxc3 24. Qb8+ Bd8 25. Qb2 $11)) 21... fxg3 22. Bd3 (22. Qxb4 $2 {perishes.} Qxc1+ (22... gxh2 23. Qf4 $17) 23. Kxc1 Bg5+ $19) (22. Bxa6 Qd6 $16) 22... Qd2 23. Qxh7+ ({Weaker is} 23. Bxa6 gxh2 24. Be2 Qd6 $15) 23... Kf8 {[%emt 0:00:08] Strongly threatening ...g2.} 24. hxg3 a5 (24... Qe3 {was necessary.}) 25. Qe4 {[%emt 0:02:22] Black got outplayed after the opening.   Weighted Error Value: White=0.02 (flawless) /Black=0.19 (very precise) .  Mistake:       	---       	Black=2      OK:         	White=7     	Black=4      Best:        	White=3     	---        Brilliant:      	White=1     	---} 1-0

[Event "Swiss National League-A 2024"]
[Site "Luzern"]
[Date "2024.10.13"]
[Round "9.26"]
[White "Cereda, Loris"]
[Black "Riff, Jean-Noel"]
[Result "0-1"]
[ECO "C56"]
[WhiteElo "2329"]
[BlackElo "2406"]
[Annotator "TA"]
[PlyCount "56"]
[EventDate "2023.10.03"]
[EventType "team-tourn"]
[EventCountry "SUI"]
[SourceTitle "playchess.com"]
[Source "ChessBase"]
[SourceQuality "1"]
[TimeControl "40/8400+30:20/3000+30:900+30"]

1. e4 e5 2. Nf3 Nc6 3. Bc4 Nf6 4. d4 exd4 5. O-O Nxe4 6. Re1 d5 7. Nc3 dxc3 8. Bxd5 Be6 9. Rxe4 $2 {[%emt 0:01:25][%mdl 8192] [#]} (9. Bxe4 $15 Qxd1 10. Rxd1) 9... Ne7 $1 $19 10. Bg5 {[%emt 0:11:32] Schwarz steht klar auf Gewinn.} (10. Rxe6 fxe6 11. Bd2 Qxd5) 10... Qxd5 11. Rd4 {[%emt 0:06:52] [#]} cxb2 $1 12. Rxd5 bxa1=Q (12... Bxd5 13. Rb1 $14) 13. Qxa1 Bxd5 14. Qd4 f6 (14... Bxa2 $2 15. Qa4+ Nc6 16. Qxa2 $19) 15. Bf4 Kf7 (15... Bxa2 $2 16. Qa4+ Nc6 17. Qxa2 $19) 16. c4 Be6 17. Bxc7 Rc8 18. Qf4 {[%emt 0:01:48] Droht stark Ng5+.} Nf5 {[%emt 0:00:30] ...g5 ist eine echte Drohung.} 19. g4 g5 20. Qd2 Rxc7 21. gxf5 Bxf5 {[%emt 0:00:23][%cal Oc7d7] Und jetzt ...Rd7! wäre schön.} 22. Qa5 Rc5 (22... Rxc4 $2 {verliert.} 23. Qxf5 Rc1+ 24. Kg2 $16) 23. Qxa7 Be4 24. Nd2 Bc6 {[%emt 0:00:15] ...Re5 wäre nun fies.} 25. Nb3 Re5 26. Kf1 {[%emt 0:00:33] Es drohte Re1+} Bb4 {[%emt 0:00:11][%csl Gb4][%cal Re5e1] Schwarz setzt Matt.} 27. f4 Rf5 28. Nd4 Bc5 {[%emt 0:00:13] Weiß wurde aus der Eröffnung heraus überfahren.   Gewichteter Fehlerwert: Weiß=0.58/Schwarz=0.04 (makellos) .  Verlustzug:     	Weiß=1     	---        Ungenau:       	Weiß=1     	---        OK:         	Weiß=7     	Schwarz=8     Bester:       	---       	Schwarz=1     Stark:        	---       	Schwarz=1} (28... Rxf4+ $142 29. Kg1 Be1 (29... Rg4+ $2 30. Kf1 $19) 30. Ne2 Bf2+ (30... Rxc4 $2 31. Qa3 $19) 31. Qxf2 Rxf2 32. Kxf2 Ra8 33. Nc1 Ra3 34. c5 Rc3 35. Ne2 Rxc5 36. Ke1 Rc2 37. a3 Ra2 38. Ng3 Rxh2 (38... Rxa3 $2 39. Nf1 $19) 39. Nf5 Rh3 40. Nd4 Rxa3 41. Nf5 Ra5 42. Nd4 g4 43. Kf2 Ra3 44. Ne2 Ra2 45. Ke1 Rxe2+ 46. Kxe2 g3 47. Ke3 g2 48. Kf2 b5 49. Kg1 b4 50. Kh2 b3 51. Kg1 b2 52. Kf2 b1=Q (52... b1=B {ist ein Selbstmatt.} 53. Kg1 f5 54. Kf2 Kg6 55. Kg1 Kg5 56. Kh2 Kf4 57. Kg1 Kf3 58. Kh2 Kf2 59. Kh3 g1=Q 60. Kh4 Qg4#) 53. Kg3 g1=Q+ (53... g1=B {wird mattgesetzt.} 54. Kh4 Qe4+ 55. Kh5 Qf5+ 56. Kh6 Qh3#) 54. Kh4 Qh2+ 55. Kg4 h5#) 0-1

[Event "Swiss National League-A 2024"]
[Site "Luzern"]
[Date "2024.10.13"]
[Round "9.27"]
[White "Burri, Quentin"]
[Black "Mantovani, Renzo"]
[Result "1/2-1/2"]
[ECO "B63"]
[WhiteElo "2418"]
[BlackElo "2198"]
[Annotator "TA"]
[PlyCount "52"]
[EventDate "2023.10.03"]
[EventType "team-tourn"]
[EventCountry "SUI"]
[SourceTitle "playchess.com"]
[Source "ChessBase"]
[SourceQuality "1"]
[TimeControl "40/8400+30:20/3000+30:900+30"]

1. e4 c5 2. Nf3 d6 3. d4 cxd4 4. Nxd4 Nf6 5. Nc3 Nc6 6. Bg5 e6 7. Qd2 Be7 8. O-O-O O-O 9. h4 a6 10. f3 Nxd4 11. Qxd4 b5 12. Kb1 Rb8 (12... Bb7 $11) 13. Qd2 {[%emt 0:04:06] White is much more active.} (13. e5 $14 dxe5 14. Qxe5) 13... b4 $11 14. Ne2 a5 $1 15. Nd4 Bd7 {[%emt 0:01:05] Repels Nc6} 16. g4 Qc7 17. Bd3 $1 Rfc8 18. h5 a4 19. Be3 Be8 (19... e5 $11 {keeps the balance.} 20. Nf5 Bxf5 21. gxf5 d5) 20. Ba6 Rd8 21. Qe2 (21. g5 $16 Nd7 22. g6) 21... Nd7 {[%emt 0:08:32] The position is equal.} 22. Nb5 Qc6 23. Nd4 Qc7 24. Nb5 Qc6 25. Nd4 Qc7 26. Nb5 Qc6 {[%emt 0:00:09] Weighted Error Value: White=0.16 (very precise) /Black=0.16 (very precise) .  Mistake:       	White=2     	Black=1      OK:         	White=5     	Black=10     Best:        	White=1     	Black=1      Strong:       	White=1     	Black=1} 1/2-1/2

[Event "Swiss National League-A 2024"]
[Site "Luzern"]
[Date "2024.10.13"]
[Round "9.28"]
[White "Sedina, Elena"]
[Black "Sokolov, Andrei"]
[Result "1/2-1/2"]
[ECO "B52"]
[WhiteElo "2192"]
[BlackElo "2516"]
[Annotator "TA"]
[PlyCount "60"]
[EventDate "2023.10.03"]
[EventType "team-tourn"]
[EventCountry "SUI"]
[SourceTitle "playchess.com"]
[Source "ChessBase"]
[SourceQuality "1"]
[TimeControl "40/8400+30:20/3000+30:900+30"]

1. e4 c5 2. Nf3 d6 3. Bb5+ Bd7 4. Bxd7+ Qxd7 5. O-O Nc6 6. c3 Nf6 7. Qe2 e6 8. d4 cxd4 9. cxd4 d5 10. e5 Ne4 11. Nbd2 Nxd2 12. Bxd2 Be7 13. Rac1 {[%emt 0:19:21] The position is equal.} O-O 14. Rfd1 Rac8 15. Rc3 Nb8 16. Rdc1 Rxc3 17. Rxc3 Rc8 18. h4 Rxc3 19. Bxc3 Nc6 20. g3 f6 21. exf6 Bxf6 22. Kg2 a6 23. Qd3 Qf7 24. Bd2 e5 25. dxe5 Nxe5 26. Nxe5 Bxe5 $11 {[%emt 0:00:09] KQB-KQB} 27. b3 h5 28. Qf3 Qxf3+ 29. Kxf3 Kf7 30. Bf4 Bf6 {[%emt 0:00:41] An uneventful encounter.   Weighted Error Value: White=0.03 (flawless) /Black=0.02 (flawless) .  OK:         	White=1     	Black=8} 1/2-1/2

[Event "Swiss National League-A 2024"]
[Site "Luzern"]
[Date "2024.10.13"]
[Round "9.29"]
[White "Benitah, Yohan"]
[Black "Patuzzo, Fabrizio"]
[Result "1-0"]
[ECO "D06"]
[WhiteElo "2327"]
[BlackElo "2281"]
[Annotator "RC"]
[PlyCount "55"]
[EventDate "2023.10.03"]
[EventType "team-tourn"]
[EventCountry "SUI"]
[SourceTitle "playchess.com"]
[Source "ChessBase"]
[SourceQuality "1"]
[TimeControl "40/8400+30:20/3000+30:900+30"]

1. d4 d5 2. c4 c5 3. cxd5 Qxd5 4. Nf3 cxd4 5. Nc3 Qa5 6. Nxd4 a6 7. g3 Nf6 8. Bg2 e5 9. Nb3 Qc7 10. O-O Bb4 11. Bg5 Bxc3 12. Rc1 Nc6 13. Rxc3 O-O 14. Bxf6 gxf6 15. e3 Kg7 16. Qh5 Qb6 17. Bxc6 bxc6 18. Rfc1 Be6 19. Rxc6 Qb4 20. Rxe6 Rac8 21. Rec6 Rxc6 22. Rxc6 Qa4 23. Qf3 f5 24. Qd5 Qxa2 25. Qxe5+ f6 26. Rc7+ Kg6 27. Qe7 Qxb3 28. Qxh7+ 1-0

[Event "Swiss National League-A 2024"]
[Site "Luzern"]
[Date "2024.10.13"]
[Round "9.30"]
[White "Cacciola, Alfredo"]
[Black "Toktomushev, Teimur"]
[Result "1/2-1/2"]
[ECO "B85"]
[WhiteElo "2165"]
[BlackElo "2246"]
[Annotator "RC"]
[PlyCount "117"]
[EventDate "2023.10.03"]
[EventType "team-tourn"]
[EventCountry "SUI"]
[SourceTitle "playchess.com"]
[Source "ChessBase"]
[SourceQuality "1"]
[TimeControl "40/8400+30:20/3000+30:900+30"]

1. e4 c5 2. Nf3 e6 3. d4 cxd4 4. Nxd4 a6 5. Be2 Nf6 6. Nc3 d6 7. O-O Be7 8. f4 O-O 9. a4 Qc7 10. Kh1 Nc6 11. Be3 Bd7 12. Qe1 e5 13. fxe5 dxe5 14. Qg3 Kh8 15. Nf5 Bxf5 16. Rxf5 Rac8 17. Bd3 g6 18. Rf2 Kg7 19. Raf1 Nh5 20. Qh3 Nb4 21. g4 Nf4 22. Rxf4 exf4 23. Bxf4 Bd6 24. Bh6+ Kg8 25. Bxf8 Rxf8 26. Nd5 Nxd5 27. exd5 Qa5 28. b3 Qxd5+ 29. Qg2 Qe5 30. Bc4 Kg7 31. Rf2 b5 32. axb5 axb5 33. Bd5 Qd4 34. Rd2 Qa1+ 35. Qg1 Qf6 36. c4 bxc4 37. bxc4 Bf4 38. Ra2 Qe5 39. Ra7 Be3 40. Qe1 Qf4 41. Re7 Bd4 42. Qe2 Qc1+ 43. Kg2 Qg5 44. Qe6 Kh6 45. Rxf7 Rxf7 46. Qxf7 Qxg4+ 47. Kf1 Qg1+ 48. Ke2 Qxh2+ 49. Kd3 Bc5 50. Qf3 Qc7 51. Qh1+ Kg7 52. Qa1+ Kh6 53. Qh1+ Kg5 54. Qg2+ Kf6 55. Qf1+ Kg5 56. Qg2+ Kh4 57. Qh1+ Kg4 58. Qf3+ Kg5 59. Qg2+ 1/2-1/2

[Event "Swiss National League-A 2024"]
[Site "Luzern"]
[Date "2024.10.13"]
[Round "9.31"]
[White "Colmenares, Aurelio"]
[Black "Salvetti, Manlio Alec"]
[Result "1-0"]
[ECO "C45"]
[WhiteElo "2331"]
[BlackElo "2129"]
[Annotator "RC"]
[PlyCount "53"]
[EventDate "2023.10.03"]
[EventType "team-tourn"]
[EventCountry "SUI"]
[SourceTitle "playchess.com"]
[Source "ChessBase"]
[SourceQuality "1"]
[TimeControl "40/8400+30:20/3000+30:900+30"]

1. e4 e5 2. Nf3 Nc6 3. d4 exd4 4. Nxd4 Bb4+ 5. c3 Be7 6. Nf5 Bf6 7. Ne3 g6 8. Bc4 d6 9. O-O Bg7 10. f4 Nf6 11. Qf3 O-O 12. Nd2 Re8 13. Bd3 Nd7 14. Nb3 a5 15. a4 Nb6 16. Bd2 Be6 17. Nd5 Bxd5 18. exd5 Ne7 19. f5 Nexd5 20. fxg6 fxg6 21. Bxg6 hxg6 22. Qf7+ Kh7 23. Rf3 Re4 24. Re1 Rxe1+ 25. Bxe1 Nf6 26. Bh4 Nbd7 27. Rh3 1-0

[Event "Swiss National League-A 2024"]
[Site "Luzern"]
[Date "2024.10.13"]
[Round "9.32"]
[White "Levacic, Damir"]
[Black "Gerber, Richard"]
[Result "1/2-1/2"]
[ECO "A84"]
[WhiteElo "2095"]
[BlackElo "2244"]
[Annotator "RC"]
[PlyCount "44"]
[EventDate "2023.10.03"]
[EventType "team-tourn"]
[EventCountry "SUI"]
[SourceTitle "playchess.com"]
[Source "ChessBase"]
[SourceQuality "1"]
[TimeControl "40/8400+30:20/3000+30:900+30"]

1. d4 f5 2. c4 d6 3. Nf3 Nf6 4. e3 g6 5. Be2 Bg7 6. O-O O-O 7. b4 e5 8. dxe5 Nfd7 9. Bb2 Nc6 10. Qb3 dxe5 11. Rd1 e4 12. c5+ Kh8 13. Nd4 Qf6 14. Nc3 Nxd4 15. exd4 c6 16. d5 Qh4 17. dxc6 bxc6 18. g3 Qh3 19. Bf1 Qh5 20. Be2 Qh3 21. Bf1 Qh5 22. Be2 Qh3 1/2-1/2

[Event "Swiss National League-A 2024"]
[Site "Luzern"]
[Date "2024.10.13"]
[Round "9.33"]
[White "Stojanovic, Mihajlo"]
[Black "Prusikin, Michael"]
[Result "1/2-1/2"]
[ECO "D54"]
[WhiteElo "2424"]
[BlackElo "2516"]
[Annotator "TA"]
[PlyCount "60"]
[EventDate "2023.10.03"]
[EventType "team-tourn"]
[EventCountry "SUI"]
[SourceTitle "playchess.com"]
[Source "ChessBase"]
[SourceQuality "1"]
[TimeControl "40/8400+30:20/3000+30:900+30"]

1. d4 d5 2. c4 e6 3. Nc3 Nf6 4. Bg5 Be7 5. e3 h6 6. Bh4 O-O 7. Rc1 b6 8. cxd5 Nxd5 9. Nxd5 exd5 10. Bxe7 Qxe7 11. Be2 c5 12. Bf3 Rd8 13. Ne2 Ba6 ({Besser ist} 13... Nc6 $11) 14. O-O (14. Qa4 $14) 14... Nc6 $11 15. Re1 Bxe2 16. Rxe2 c4 17. b3 b5 18. bxc4 bxc4 19. e4 Qf6 20. Rd2 Rac8 (20... Nxd4 $5 21. exd5 (21. Rxd4 dxe4 22. Rcxc4 exf3 $15) 21... Nxf3+ 22. Qxf3 Qxf3 23. gxf3 Rac8 $16) 21. exd5 Nb4 22. Rc3 {[%emt 0:05:51] Pariert Nd3.} (22. Qa4 $11 c3 (22... Nxd5 23. Bxd5 Rxd5 24. Rxc4 $16) 23. Rdd1 Nxd5 24. Qb3) 22... Nxd5 (22... Nd3 {ist vielschichtiger.} 23. Qf1 Qxd4 24. Rcc2 Rb8) 23. Bxd5 Rxd5 24. g3 h5 25. h4 g6 26. Kg2 Qd6 27. Rcc2 Rc7 28. Rc3 Rc8 29. Rcc2 Rc7 30. Rc3 Rc8 {[%emt 0:00:07] Gewichteter Fehlerwert: Weiß=0.10 (sehr präzise) /Schwarz=0.11 (sehr präzise) .  Fehler:       	Weiß=2     	Schwarz=1     Ungenau:       	Weiß=1     	Schwarz=2     OK:         	Weiß=8     	Schwarz=8     Bester:       	---       	Schwarz=1} 1/2-1/2

[Event "Swiss National League-A 2024"]
[Site "Luzern"]
[Date "2024.10.13"]
[Round "9.34"]
[White "Peng, Li Min"]
[Black "Bogner, Sebastian"]
[Result "1/2-1/2"]
[ECO "C47"]
[WhiteElo "2496"]
[BlackElo "2539"]
[Annotator "TA"]
[PlyCount "45"]
[EventDate "2023.10.03"]
[EventType "team-tourn"]
[EventCountry "SUI"]
[SourceTitle "playchess.com"]
[Source "ChessBase"]
[SourceQuality "1"]
[TimeControl "40/8400+30:20/3000+30:900+30"]

1. e4 e5 2. Nf3 Nc6 3. Nc3 Nf6 4. h3 d5 5. exd5 Nxd5 6. Bb5 Nxc3 7. bxc3 Bd6 {[%emt 0:00:10] The position is equal.} 8. O-O O-O 9. Re1 Qf6 10. d4 exd4 $1 11. cxd4 Bf5 12. Rb1 a6 13. Bf1 b5 14. d5 {[%emt 0:06:54][%cal Oc1b2] [#] Bb2! would now be deadly.} (14. Bg5 $5 Qg6 $8 15. Qd2 $14) 14... Nb4 15. Bb2 Bxc2 16. Bxf6 Bxd1 17. Rexd1 gxf6 18. Rb2 Rad8 19. Rbd2 Bf4 20. Rd4 Bd6 (20... Nxa2 $2 {is the wrong capture.} 21. Rxf4 Nc3 22. Rc1 Nxd5 23. Rg4+ Kh8 24. Rc5 $18) 21. R4d2 Bf4 22. Rd4 Bd6 (22... Nxa2 $2 {loses.} 23. Rxf4 Nc3 24. Rc1 Nxd5 25. Rd4 $18) 23. R4d2 {[%emt 0:00:33] An uneventful encounter.   Weighted Error Value: White=0.02 (flawless) /Black=0.01 (flawless) .  OK:         	White=7     	Black=12     Best:        	White=1     	---        Strong:       	---       	Black=1} 1/2-1/2

[Event "Swiss National League-A 2024"]
[Site "Luzern"]
[Date "2024.10.13"]
[Round "9.35"]
[White "Degtiarev, Evgeny"]
[Black "Moor, Roger"]
[Result "1/2-1/2"]
[ECO "D85"]
[WhiteElo "2393"]
[BlackElo "2329"]
[Annotator "RC"]
[PlyCount "129"]
[EventDate "2023.10.03"]
[EventType "team-tourn"]
[EventCountry "SUI"]
[SourceTitle "playchess.com"]
[Source "ChessBase"]
[SourceQuality "1"]
[TimeControl "40/8400+30:20/3000+30:900+30"]

1. d4 Nf6 2. c4 g6 3. Nc3 d5 4. cxd5 Nxd5 5. e4 Nxc3 6. bxc3 Bg7 7. Qa4+ Qd7 8. Qa3 O-O 9. Nf3 b6 10. Be2 Bb7 11. e5 c5 12. Be3 cxd4 13. cxd4 Nc6 14. h4 a5 15. Qb3 Nb4 16. a3 Nd5 17. h5 Rfc8 18. hxg6 hxg6 19. Bd2 Qf5 20. Bd3 Qg4 21. Rh4 Qxg2 22. Bf1 a4 23. Qd1 Ne3 24. Bxg2 Nxg2+ 25. Kf1 Bxf3 26. Rh8+ Bxh8 27. Qxf3 Nh4 28. Qb7 Nf5 29. Rc1 Rd8 30. Be3 Rab8 31. Qe4 e6 32. Rc7 Bg7 33. Ra7 Rd5 34. Rxa4 b5 35. Ra7 Rc8 36. Qb1 Bf8 37. a4 b4 38. a5 Rc3 39. Bd2 Rc4 40. Ra8 Rcxd4 41. Bxb4 Rd1+ 42. Qxd1 Rxd1+ 43. Ke2 Ra1 44. Kd3 Rxa5 45. Bxa5 Kg7 46. Kc4 Be7 47. Bc3 Bg5 48. Kc5 Bh4 49. Ra2 Be7+ 50. Kc6 g5 51. Ra8 Kg6 52. Kd7 Bc5 53. Rg8+ Ng7 54. f3 Ba3 55. Ra8 Bc5 56. Ra5 Bf8 57. Bd2 Nf5 58. Ra1 Bc5 59. Ra5 Bd4 60. Ra4 Bxe5 61. Rg4 Bf6 62. Bxg5 Bxg5 63. f4 f6 64. fxg5 fxg5 65. Kxe6 1/2-1/2